 Dungeon Crawl Stone Soup version 0.31-a0-667-g39726597b9 (webtiles) character file.

Game seed: 2709253301288178400

7 dindolion the Covered (level 2, 0/24 HPs)
             Began as a Human Fighter on Sept 4, 2023.
             Succumbed to a kobold's poison
             ... on level 1 of the Dungeon.
             The game lasted 00:00:22 (44 turns).

dindolion the Covered (Human Fighter)                 Turns: 44, Time: 00:00:23

Health: 0/24       AC:  6    Str: 16    XL:     2   Next: 5%
Magic:  2/2        EV:  8    Int:  8    God:
Gold:   21         SH:  4    Dex: 12    Spells: 1/1 levels left

rFire   . . .        a - +0 long sword
rCold   . . .        c - +0 buckler
rNeg    . . .        b - +0 scale mail
rPois   .            (no helmet)
rElec   .            (no cloak)
rCorr   .            (no gloves)
SInv    .            (no boots)
Will    .....        (no amulet) Stlth
                     (no ring)
HPRegen 0.24/turn    (no ring)
MPRegen 0.08/turn

%: no passive effects
@: lethally poisoned (0 -> -8)
A: no striking features
a: no special abilities


You were on level 1 of the Dungeon.
You visited 1 branch of the dungeon, and saw 1 of its levels.

You collected 21 gold pieces.

Inventory:

Hand Weapons
 a - a +0 long sword (weapon)
Armour
 b - a +0 scale mail (worn)
 c - a +0 buckler (worn)
Potions
 d - a potion of might
 e - a potion of attraction {unknown}


   Skills:
 * Level 3.0 Fighting
 * Level 2.0 Long Blades
 * Level 3.1 Armour
 * Level 0.1 Dodging
 * Level 0.6 Stealth
 * Level 3.1 Shields


You had one spell level left.
You didn't know any spells.
Your spell library was empty.

Dungeon Overview and Level Annotations

Branches:
Dungeon (1/15)

Altars:


Message History

The ball python grabs you. The ball python constricts you.
The kobold hits you but does no damage.
You hit the ball python.
You kill the ball python!
The kobold hits you with a +0 short sword.
The kobold attacks as it pursues you! You block the kobold's attack.
The kobold attacks as it pursues you!
The kobold hits you with a +0 short sword.
There is a stone staircase leading down, spattered with blood here.
The kobold attacks as it pursues you! You block the kobold's attack.
You barely miss the kobold. The kobold barely misses you.
You block the kobold's attack.
You hit the kobold.
You kill the kobold!
You closely miss the goblin. You block the goblin's attack.
You slash the goblin!
You kill the goblin!
You have reached level 2!
You barely miss the kobold. You block the kobold's attack.
The kobold hits you with a +2 dagger of venom.
You are poisoned.
You barely miss the kobold.
You feel very sick. You block the kobold's attack.
You hit the kobold.
The kobold is moderately wounded.
You feel sick. The kobold closely misses you.
A rat comes into view.
You hit the kobold.
The kobold is severely wounded.
You feel sick. The kobold hits you but does no damage.
The kobold hits you with a +2 dagger of venom.
* * * LOW HITPOINT WARNING * * *
You are lethally poisoned!
You slash the kobold!
You kill the kobold!
* * * LOW HITPOINT WARNING * * *
You feel very sick. The rat bites you but does no damage.
You die...

##### #....#
8.).###...#
..8..##...#
.....8#...#
#########
(..8......#
#.......#
.....8#...#
#.$....
<.8..##...#
#.r.#
8...###...#
#.#.# #####
#...######@#.#
##.........#.###
###..#...>#g..
#.......#.#
#..#......#
#.......#.#K#
#.......#.#.!.
#.#.......##..#
......##.### ..#


You could see a rat.

Vanquished Creatures
  A ball python (D:1)
  A goblin (D:1)
  A hobgoblin (D:1)
  2 kobolds (D:1)
  A rat (D:1)
6 creatures vanquished.

Notes
Turn   | Place    | Note
-------+----------+-------------------------------------------
     0 | D:1      | dindolion the Human Fighter began the quest for the Orb.
     0 | D:1      | Reached XP level 1. HP: 18/18 MP: 1/1
    39 | D:1      | Reached XP level 2. HP: 19/24 MP: 2/2
    44 | D:1      | Succumbed to a kobold's poison

Illustrated notes

Levels and vault maps discovered:
D:1:      erik_arrival_orb_chamber, layout_loops_cross,
          hellmonk_ecumenical_altar_watching_god, minmay_octomino_c4

Action                     || total
---------------------------++-------
  Melee: Long sword        ||    14
 Armour: Scale mail        ||    11
  Dodge: Dodged            ||     3
  Block: Buckler           ||     7

Table legend: (Time is in decaauts)
 A = Elapsed time spent in this place.
 B = Non-inter-level travel time spent in this place.
 C = Inter-level travel time spent in this place.
 D = Time resting spent in this place.
 E = Time spent auto-exploring this place.
 F = Levels seen in this place.
 G = Mean time per level.
                   A        B        C        D        E       F      G
               +--------+--------+--------+--------+--------+-----+--------+
         Total |     48 |     48 |      0 |      0 |     18 |   1 |   48.0 |
       Dungeon |     48 |     48 |      0 |      0 |     18 |   1 |   48.0 |
               +--------+--------+--------+--------+--------+-----+--------+

Top non-repeatable levels by time:
     D:1: 48 daAuts
